 Dungeon Crawl Stone Soup version 0.18.1-48-g4cf74bf (webtiles) character file.

114 donacdum the Grave Robber (level 4, 0/24 HPs)
             Began as a Deep Elf Necromancer on July 30, 2016.
             Was an Initiate of Makhleb.
             Succumbed to an adder's poison
             ... on level 3 of the Dungeon on July 31, 2016.
             The game lasted 00:19:30 (3853 turns).

donacdum the Grave Robber (Deep Elf Necromancer)    Turns: 3853, Time: 00:19:31

Health: 0/24       AC:  3    Str:  5    XL:     4   Next: 67%
Magic:  1/12       EV: 12    Int: 21    God:    Makhleb [......]
Gold:   196        SH:  0    Dex: 15    Spells: 4 memorised, 1 level left

rFire  . . .     SeeInvis .     m - +0 battleaxe
rCold  . . .     Gourm    .     A - +0 leather armour
rNeg   . . .     Faith    .     (shield currently unavailable)
rPois  .         Spirit   .     (no helmet)
rElec  .         Dismiss  .     (no cloak)
rCorr  .         Reflect  .     (no gloves)
SustAt .         Harm     .     (no boots)
MR     .....                    (no amulet)
Stlth  ++........               (no ring)
                                (no ring)

@: lethally poisoned (0 -> -3), very slightly contaminated, not resistant to
hostile enchantments, unstealthy
A: no striking features
a: Renounce Religion


You were on level 3 of the Dungeon.
You worshipped Makhleb.
Makhleb was noncommittal.
You were not hungry.

You visited 1 branch of the dungeon, and saw 3 of its levels.

You collected 196 gold pieces.

Inventory:

Hand Weapons
 d - a +0 hunting sling
 e - a +0 whip
 i - a +0 dagger
 k - a +0 mace
 m - a +0 battleaxe (weapon)
 x - a +0 mace
 y - a +0 hunting sling
Armour
 a - a +0 robe
 n - a +0 ring mail
 p - a +0 plate armour
 q - a +0 scale mail
 r - a +0 chain mail
 A - a +0 leather armour (worn)
Scrolls
 g - a scroll of teleportation {unknown}
 l - a scroll of enchant armour {unknown}
 o - a scroll of noise {unknown}
 s - 2 scrolls of identify {unknown}
 t - a scroll of fog {unknown}
 w - a scroll of random uselessness {unknown}
Potions
 h - a potion of berserk rage {unknown}
 j - 2 potions of curing {unknown}
 u - a potion of mutation {unknown}
 v - a potion of heal wounds {unknown}
 B - a potion of haste {unknown}
Books
 b - a book of Necromancy

   Spells                             Type                      Level
   a - Pain                           Necromancy                   1
   b - Animate Skeleton               Necromancy                   1
   c - Vampiric Draining              Necromancy                   3
   d - Regeneration                   Charms/Necromancy            3
   e - Animate Dead                   Necromancy                   4
   f - Control Undead                 Necromancy                   4
Comestibles
 c - a bread ration
 f - 2 meat rations
 z - a royal jelly


   Skills:
 * Level 0.2 Fighting
 - Level 0.2 Armour
 - Level 2.8 Dodging
 - Level 2.4 Stealth
 + Level 4.6 Spellcasting
 + Level 6.2 Necromancy


You had one spell level left.
You knew the following spells:

 Your Spells              Type           Power        Failure   Level  Hunger
a - Pain                  Necr           ####         1%          1    None
b - Vampiric Draining     Necr           ####......   6%          3    ##.....
c - Regeneration          Chrm/Necr      ###.......   17%         3    ##.....
d - Control Undead        Necr           ####......   17%         4    ####...


Dungeon Overview and Level Annotations

Branches:
Dungeon (3/15)

Altars:
Makhleb


Message History

Press: ? - help, Shift-Dir - straight line, f - worm
Aim: a worm (chance to defeat MR: 89%)
The worm convulses in agony!
* * * LOW HITPOINT WARNING * * *
You feel sick.
Casting: Pain
Confirm with . or Enter, or press ? or * to list all spells.
Aiming: Pain
Press: ? - help, Shift-Dir - straight line, f/p - worm
Aim: a worm (heavily wounded, chance to defeat MR: 89%)
The worm convulses in agony!
Casting: Pain
Confirm with . or Enter, or press ? or * to list all spells.
Aiming: Pain
Press: ? - help, Shift-Dir - straight line, f/p - worm
Aim: a worm (severely wounded, chance to defeat MR: 89%)
The worm convulses in agony!
* * * LOW HITPOINT WARNING * * *
You feel sick. The worm barely misses you.
You die...

.............
.....##......
.....#.....##
............. ##
#.........
#.........
#.........
###########
#.........
.......@..#
#.........
#########w#
#.........
#.#####.........
#.†.............
########......(.
#........
#........
#........
#........


You could see a worm.

Vanquished Creatures
  6 adders
  4 worms
  A dart slug (D:1)
  A giant gecko (D:2)
  3 orcs (D:3)
  A ball python (D:2)
  5 bats
  4 giant cockroaches (D:1)
  4 goblins
  3 hobgoblins
  2 quokkas (D:3)
  4 giant newts
  4 kobolds
  4 rats
46 creatures vanquished.

Notes
Turn   | Place    | Note
--------------------------------------------------------------
     0 | D:1      | donacdum the Deep Elf Necromancer began the quest for the Orb.
     0 | D:1      | Reached XP level 1. HP: 10/10 MP: 6/6
    37 | D:1      | Reached skill level 5 in Necromancy
   456 | D:1      | Reached XP level 2. HP: 14/15 MP: 5/8
  1192 | D:2      | Reached XP level 3. HP: 16/19 MP: 6/10
  2371 | D:2      | Reached skill level 6 in Necromancy
  2379 | D:2      | Reached XP level 4. HP: 21/24 MP: 8/12
  2587 | D:2      | Learned a level 3 spell: Vampiric Draining
  2591 | D:2      | Learned a level 3 spell: Regeneration
  2596 | D:2      | Learned a level 4 spell: Control Undead
  3720 | D:3      | Found a burning altar of Makhleb.
  3720 | D:3      | Noticed a blizzard demon
  3724 | D:3      | Noticed a neqoxec
  3724 | D:3      | Noticed an orange demon
  3729 | D:3      | Became a worshipper of Makhleb the Destroyer
  3849 | D:3      | HP: 1/24 [poisoned by an adder]
  3853 | D:3      | Succumbed to an adder's poison

Skill      XL: |  1  2  3 |
---------------+----------+-----
Necromancy     | 5 6 |  6.2
Spellcasting   | 4 |  4.6
Fighting       | |  0.2
Armour         | |  0.2
Dodging        | |  2.8
Stealth        | |  2.4

Action                   |  1- 3 |  4- 6 || total
-------------------------+-------+-------++-------
Melee: Unarmed           |     8 |       ||     8
       Mace              |     8 |       ||     8
 Cast: Pain              |    58 |    26 ||    84
       Vampiric Draining |       |     4 ||     4
       Regeneration      |       |     1 ||     1
  Eat: Fruit             |     1 |     1 ||     2
       Meat ration       |     1 |     1 ||     2
Armor: Ring mail         |     9 |       ||     9
       Leather armour    |       |     2 ||     2
Dodge: Dodged            |    15 |    16 ||    31
